 Dungeon Crawl Stone Soup version 0.28.0-45-g0d030f2227 (webtiles) character file.

Game seed: 7408250599892781525

140824 Kaptain the Earth Mage (level 17, -1/113 HPs)
             Began as a Gargoyle Earth Elementalist on Apr 11, 2022.
             Slain by a naga warrior
             ... wielding a +2 dire flail of protection
              (12 damage)
             ... on level 4 of the Snake Pit on Apr 13, 2022.
             The game lasted 01:27:21 (38339 turns).

Kaptain the Earth Mage (GrEE)                      Turns: 38339, Time: 01:27:21

Health: -1/113     AC: 34    Str: 13    XL:     17   Next: 31%
Magic:  22/43      EV:  8    Int: 26    God:
Gold:   2154       SH:  0    Dex: 10    Spells: 22/43 levels left

rFire   + . .      SeeInvis +   x - +8 glaive of the Guard {elec, spectral, AC+5}
rCold   . . .      Faith    .   (shield currently unavailable)
rNeg    + + .      Spirit   .   K - +1 ring mail {rF+}
rPois   ∞          Reflect  .   F - +1 hat {Int+3}
rElec   +          Harm     .   o - +1 cloak {rCorr}
rCorr   +          Rampage  .   I - +2 pair of gloves
Will    ++++.      Clarity  +   h - +0 pair of boots
Stlth   ++........              W - amulet of the Four Winds {rN+ Will+++ Clar}
HPRegen 0.28/turn               L - ring of see invisible
MPRegen 0.28/turn               q - ring of magical power

@: flying, constricted
A: sickness immunity, AC +12, big wings, negative energy resistance 1,
electricity resistance, torment resistance 1, petrification resistance
a: no special abilities


You were on level 4 of the Snake Pit.
You visited 5 branches of the dungeon, and saw 25 of its levels.
You visited the Abyss 1 time.
You also visited: Gauntlet.

You collected 2154 gold pieces.

Inventory:

Hand Weapons
 a - a +1 eveningstar of protection
 j - a +6 long sword of holy wrath
 x - the +8 glaive of the Guard (weapon) {elec, spectral, AC+5}
   (You found it on level 6 of the Dungeon)

   It occasionally discharges a powerful burst of electricity upon striking a
   foe.
   When it strikes, its spirit leaps out and fights alongside the wielder.
   AC:        It affects your AC (+5).
Missiles
 c - 640 stones
 y - 5 throwing nets
 D - 9 silver javelins
Armour
 f - +0 fire dragon scales
 g - a +1 scale mail of fire resistance
 h - a +0 pair of boots (worn)
 o - a +1 cloak of preservation (worn)
 C - a +0 buckler
 F - a +1 hat of intelligence (worn)
 I - a +2 pair of gloves (worn)
 K - a +1 ring mail of fire resistance (worn)
Magical Staves
 l - a staff of fire
 E - a staff of earth
 Y - a staff of conjuration
Jewellery
 d - a +4 ring of protection
 p - a ring of positive energy
 q - a ring of magical power (right hand)
 z - an amulet of reflection
 L - a ring of see invisible (left hand)
 M - an amulet of magic regeneration
 O - a ring of willpower
 S - a ring of fire
 W - the amulet of the Four Winds (around neck) {rN+ Will+++ Clar}
   (You found it in a Gauntlet)

   [amulet of nothing]

   rN:        It protects you from negative energy.
   Clar:      It protects you against confusion.
   Will:      It greatly increases your willpower.
Wands
 s - a wand of digging (13)
 V - a wand of mindburst (10)
 Z - a wand of iceblast (8)
Scrolls
 m - 2 scrolls of fog
 n - 10 scrolls of teleportation
 t - a scroll of holy word
 u - 2 scrolls of identify
 v - 2 scrolls of enchant weapon
 B - a scroll of blinking
 G - 2 scrolls of summoning
 H - 3 scrolls of amnesia
 P - a scroll of brand weapon
 T - 3 scrolls of magic mapping
Potions
 b - 4 potions of mutation
 e - 4 potions of heal wounds
 i - 3 potions of might
 r - 3 potions of brilliance
 w - 5 potions of curing
 A - 2 potions of haste
 J - 2 potions of ambrosia
 N - 2 potions of resistance
 U - 3 potions of magic
 X - a potion of cancellation
Miscellaneous
 k - a phantom mirror
 Q - a condenser vane
 R - a lightning rod (4/4)


   Skills:
 * Level 15.6 Fighting
 + Level 11.3 Armour
 - Level 2.5 Dodging
 - Level 5.0 Stealth
 - Level 5.4 Shields
 * Level 13.5 Spellcasting
 * Level 15.6 Conjurations
 - Level 0.7 Transmutations
 * Level 17.2 Earth Magic


You had 22 spell levels left.
You knew the following spells:

 Your Spells              Type           Power      Damage    Failure   Level
a - Sandblast             Erth           100%       2d20      0%          1
b - Stone Arrow           Conj/Erth      100%       3d13      1%          3
c - Blink                 Tloc           34%        N/A       9%          2
d - Iron Shot             Conj/Erth      40%        9d8       1%          6
e - Sticky Flame          Conj/Fire      55%        2d7       2%          4
f - Fireball              Conj/Fire      27%        3d12      6%          5

Your spell library contained the following spells:

 Spells                   Type           Power      Damage    Failure   Level
 Passwall                 Tmut/Erth      49%        N/A       1%          2
 Conjure Flame            Conj/Fire      55%        6-21      1%          3
 Animate Armour           Summ/Erth      100%       N/A       1%          4
 Leda's Liquefaction      Hex/Erth       29%        N/A       1%          4
 Petrify                  Tmut/Erth      59%        N/A       1%          4
 Hailstorm                Conj/Ice       55%        3d12      2%          4
 Beastly Appendage        Tmut           42%        N/A       4%          1
 Sting                    Tmut/Pois      76%        1d6       4%          1
 Irradiate                Conj/Tmut      28%        3d23      5%          5
 Freeze                   Ice            68%        1d8       6%          1
 Pain                     Necr           68%        1d7       6%          1
 Wereblood                Tmut           21%        N/A       6%          2
 Poisonous Vapours        Pois/Air       34%        N/A       9%          2
 Ignite Poison            Fire/Tmut/Pois 18%        N/A       16%         3
 Spider Form              Tmut/Pois      19%        N/A       16%         3
 Call Canine Familiar     Summ           17%        N/A       17%         3
 Frozen Ramparts          Ice            34%        1d5       17%         3
 Lesser Beckoning         Tloc           17%        N/A       17%         3
 Portal Projectile        Hex/Tloc       34%        N/A       17%         3
 Tukima's Dance           Hex            17%        N/A       17%         3
 Freezing Cloud           Conj/Ice/Air   22%        6-21      19%         5
 Starburst                Conj/Fire      27%        6d9       34%         6
 Lehudib's Crystal Spear  Conj/Erth      40%        10d10     41%         8
 Anguish                  Hex/Necr       8%         N/A       50%         4
 Olgreb's Toxic Radiance  Pois           17%        N/A       50%         4
 Passage of Golubria      Tloc           17%        N/A       50%         4
 Blade Hands              Tmut           10%        N/A       75%         5
 Alistair's Intoxication  Tmut/Pois      12%        N/A       80%         5
 Agony                    Necr           17%        N/A       85%         5
 Excruciating Wounds      Necr           8%         N/A       85%         5
 Manifold Assault         Tloc           17%        N/A       85%         5
 Silence                  Hex/Air        8%         N/A       85%         5
 Simulacrum               Ice/Necr       8%         N/A       100%        6
 Dragon Form              Tmut           10%        N/A       100%        7
 Enfeeble                 Hex            8%         N/A       100%        7
 Ignition                 Fire           8%         3d5       100%        8
 Necromutation            Tmut/Necr      9%         N/A       100%        8
 Polar Vortex             Ice            8%         N/A       100%        9
 Sublimation of Blood     Necr           Unusable   N/A       N/A         2

Dungeon Overview and Level Annotations

Branches:
Dungeon (12/15)            Temple (1/1) D:7            Lair (6/6) D:9
 Shoals (0/4) Lair:2        Snake (4/4) Lair:4        Slime (0/5) Lair:6
    Orc (2/2) D:11            Elf (0/3) Orc:2       Gauntlet (visited)

Altars:
Ashenzari
Cheibriados
Dithmenos
Elyvilon
Fedhas
Gozag
Hepliaklqana
Kikubaaqudgha
Makhleb
Nemelex Xobeh
Okawaru
Qazlal
Ru
Sif Muna
Trog
Uskayaw
Vehumet
Wu Jian
Xom
Yredelemnul
Zin
The Shining One
Beogh
Jiyva

Shops:
D:6 [   D:12 (   Orc:2 ![:(

Annotations:
D:5 1 runed translucent door, duchin's ghost, novice MiFi
D:9 2 transporters


Innate Abilities, Weirdness & Mutations

You are immune to sickness and miasma.
Your stone body is resilient. (AC +12)
You are immune to poison.
Your large and strong wings let you fly.
You resist negative energy. (rN+)
You are resistant to electric shocks. (rElec)
You are resistant to unholy torment.
You are immune to petrification.


Message History

You resist.
Unknown command.
You slash the naga warrior!
The naga warrior is lightly wounded.
Your +8 glaive of the Guard {elec, spectral, AC+5} hits the naga warrior from afar!!
Lightning courses through the naga warrior!
Unknown command.
The naga warrior hits you with a +0 long sword!
The naga warrior grabs you. The naga warrior constricts you.
The naga warrior hits you with a +2 dire flail of protection!
The naga warrior hits you with a +0 hand axe!!
Items here: ) [[ †.
You slash the naga warrior!
Lightning courses through the naga warrior!
The naga warrior is severely wounded.
Your +8 glaive of the Guard {elec, spectral, AC+5} completely misses the naga warrior.
The naga warrior spits poison at you.
The splash of poison hits you but does no damage.
You resist. The naga warrior constricts you.
The naga warrior barely misses you. The naga warrior spits poison at you.
The splash of poison hits you but does no damage.
You resist.
The naga warrior hits you with a +0 long sword!
The naga warrior constricts you. The naga warrior spits poison at you.
The splash of poison hits you but does no damage.
You resist.
The naga warrior hits you with a +0 hand axe!!!
* * * LOW HITPOINT WARNING * * *
You hear a shout!
You slash the naga warrior!
The naga warrior is almost dead.
Your +8 glaive of the Guard {elec, spectral, AC+5} completely misses the naga warrior.
The naga warrior spits poison at you.
The splash of poison hits you but does no damage.
You resist. The naga warrior constricts you.
* * * LOW HITPOINT WARNING * * *
The naga warrior hits you with a +2 dire flail of protection!
You die...

,##..##,,,,***,,,,#...#NN.N.....#
,#...#,,,,**,,,,,,#...#........##
,#...#,,,**,,,,,,,#...#........##
,#...#,,,**,,,,,,,#...#......####
,#...#,,,**,,,,,,##...#......# #
*#...#,,,,**,,,,,#...##.....## #
#...##,,,,**,,###...#.......# #
##...##,...####.N...#.......##
#....##......N@(..##........#
##....##......N..##.######..#
#.....###.....###.#*** #..#
##.....########...,,,**##..### ##
##.....## *.,,,,,,*#..###.
.######.....###********,**#N.#*#.
...............,,,,,,,,*#....##..
.....).........,,,,,,,,#).N.###..
...............,,,,,,,.N))..# #..


You could see 3 naga warriors and a friendly +8 glaive of the Guard {elec,
spectral, AC+5} (summoned).

Vanquished Creatures
  A bone dragon (Abyss:1)
  Rupert (D:12)
  Gastronok (D:12)
  7 nagarajas
  Louise (Snake:1)
  An orc warlord (Orc:2)
  The ghost of duchin the Zephyrmancer, a journeyman DrAE of Vehumet (D:12)
  Nessos (Lair:5)
  2 minotaurs
  A fire dragon (Lair:6)
  The ghost of Sheol the Fighter, a journeyman MiFi of Uskayaw (Lair:1)
  6 hydras
  3 salamander tyrants
  Harold (Lair:1)
  11 naga warriors
  A boulder beetle (D:12)
  A catoblepas (Lair:3)
  7 two-headed ogres
  3 centaur warriors
  9 anacondas
  5 death yaks (Lair:5)
  Urug (Orc:2)
  11 naga sharpshooters
  4 orc high priests (Orc:2)
  3 shock serpents
  Sonja (Orc:1)
  A soul eater (Abyss:1)
  A wretched star (Abyss:1)
  4 sea snakes (Snake:2)
  5 salamander mystics (Snake:2)
  A death drake (Gauntlet)
  6 naga ritualists
  A lindwurm (Lair:6)
  4 orc knights
  7 mana vipers
  A deep elf pyromancer (D:12)
  16 salamanders
  3 cyclopes
  4 orc sorcerers (Orc:2)
  2 oklob plants
  An ugly thing (D:12)
  A worldbinder (Abyss:1)
  2 manticores (D:12)
  4 elephants (Lair:4)
  42 black mambas
  3 guardian serpents
  2 smoke demons (Abyss:1)
  An orange demon (Abyss:1)
  3 molten gargoyles (Lair:6)
  Joseph (D:9)
  10 cane toads
  14 naga magi
  3 rime drakes (Lair:1)
  A yaktaur (shapeshifter) (D:12)
  15 komodo dragons
  An ancient zyme (Abyss:1)
  2 spectral redbacks (Gauntlet)
  A harpy zombie (Gauntlet)
  3 trolls
  17 blink frogs
  5 polar bears
  3 slime creatures (D:12)
  4 hornets
  A snapping turtle (Lair:2)
  2 shadows
  40 yaks
  6 wyverns
  3 vampires
  3 basilisks
  3 steam dragons
  A large abomination (Abyss:1)
  A vampire mosquito (D:12)
  4 wargs (Orc:2)
  33 nagas
  3 hell hounds (Lair:6)
  3 acid dragons
  A hydra simulacrum (Lair:1)
  Edmund (D:6)
  24 water moccasins
  Duvessa (D:7)
  30 orc warriors
  2 black bears
  A necrophage (D:4)
  6 small abominations (Abyss:1)
  13 ogres
  A sky beast (D:7)
  12 wolves
  9 centaurs
  A phantom (D:7)
  2 kobold brigands (D:9)
  17 bullfrogs
  2 scorpions (D:7)
  A water moccasin skeleton (D:4)
  Dowan (D:7)
  9 wights
  3 howler monkeys
  5 lava snakes (Lair:6)
  A bullfrog zombie (D:6)
  A quasit (Abyss:1)
  A gnoll shaman (D:4)
  5 centaur zombies
  23 orc priests
  Crazy Yiuf (D:3)
  3 hounds (D:5)
  5 iguanas
  23 orc wizards
  7 hell rats
  A killer bee zombie (D:8)
  3 bullfrog simulacra (Lair:1)
  3 howler monkey zombies
  5 gnolls (D:4)
  9 river rats (Lair:1)
  6 adders
  An ufetubus (D:4)
  A worm (D:4)
  4 dart slugs
  89 orcs
  9 ball pythons
  10 bats
  9 endoplasms
  A giant cockroach (D:4)
  9 goblins
  5 hobgoblins
  7 jackals
  5 quokkas
  5 frilled lizards
  14 kobolds
  7 rats
798 creatures vanquished.

Vanquished Creatures (others)
  40 fungi
  67 plants
107 creatures vanquished.

Grand Total: 905 creatures vanquished

Notes
Turn   | Place    | Note
-------+----------+-------------------------------------------
     0 | D:1      | Kaptain the Gargoyle Earth Elementalist began the quest for
                  | the Orb.
     0 | D:1      | Reached XP level 1. HP: 10/10 MP: 3/3
   294 | D:1      | Reached XP level 2. HP: 16/16 MP: 1/5
   648 | D:1      | Reached skill level 1 in Conjurations
   707 | D:1      | Reached XP level 3. HP: 20/20 MP: 0/6
   725 | D:1      | Reached skill level 4 in Earth Magic
   800 | D:1      | Reached skill level 1 in Fighting
   946 | D:1      | Found a faded altar of an unknown god.
  1745 | D:2      | Reached skill level 1 in Armour
  1919 | D:2      | Reached XP level 4. HP: 25/25 MP: 7/7
  2144 | D:2      | Found a broken altar of Ashenzari.
  2438 | D:3      | Learned a level 3 spell: Stone Arrow
  3323 | D:3      | Found a runed translucent door.
  3324 | D:3      | Noticed Crazy Yiuf
  3329 | D:3      | Killed Crazy Yiuf
  3330 | D:3      | Reached XP level 5. HP: 26/30 MP: 2/9
  3506 | D:4      | Noticed a necrophage
  3516 | D:4      | Killed a necrophage
  3599 | D:4      | Reached XP level 6. HP: 35/35 MP: 10/10
  4198 | D:4      | Reached skill level 5 in Earth Magic
  4434 | D:5      | Entered Level 5 of the Dungeon
  4452 | D:5      | Reached XP level 7. HP: 41/41 MP: 2/12
  5297 | D:5      | Found a runed translucent door.
  5298 | D:5      | Noticed duchin's ghost (novice MiFi)
  5930 | D:6      | Reached XP level 8. HP: 41/48 MP: 9/14
  5953 | D:5      | Reached skill level 1 in Shields
  5953 | D:5      | Reached skill level 6 in Earth Magic
  6249 | D:6      | Noticed Edmund
  6252 | D:6      | Killed Edmund
  6484 | D:6      | Found the +8 glaive of the Guard {elec, spectral, AC+5}
  6578 | D:6      | Found Oxyomoas's Antique Armour Shoppe.
  6578 | D:6      | Noticed a troll
  6583 | D:6      | Killed a troll
  6584 | D:6      | Reached skill level 5 in Fighting
  6584 | D:6      | Reached skill level 5 in Conjurations
  6768 | D:6      | Reached XP level 9. HP: 50/54 MP: 16/16
  7044 | D:6      | Reached skill level 5 in Spellcasting
  7059 | D:6      | Learned a level 2 spell: Blink
  7240 | D:7      | Reached skill level 7 in Earth Magic
  7508 | D:7      | Noticed Dowan
  7509 | D:7      | Noticed Duvessa
  7514 | D:7      | Killed Dowan
  7517 | D:7      | Killed Duvessa
  7573 | D:7      | Found a sparkling altar of Nemelex Xobeh.
  7631 | D:7      | Found a staircase to the Ecumenical Temple.
  7644 | Temple   | Entered the Ecumenical Temple
  8326 | D:8      | Noticed a two-headed ogre
  8330 | D:8      | Killed a two-headed ogre
  8331 | D:8      | Reached skill level 8 in Earth Magic
  8331 | D:8      | Reached XP level 10. HP: 61/61 MP: 8/19
  8639 | D:8      | Noticed a two-headed ogre
  8644 | D:8      | Killed a two-headed ogre
  9349 | D:9      | Noticed an orc sorcerer
  9350 | D:9      | Found a transporter.
  9350 | D:9      | Noticed a kobold demonologist
  9351 | D:9      | Noticed a fire crab
  9353 | D:9      | Noticed a kobold demonologist
  9361 | D:9      | Noticed a kobold demonologist
  9362 | D:9      | Noticed a kobold demonologist
  9373 | D:9      | Found a transporter.
  9381 | D:9      | Noticed a kobold demonologist
  9407 | D:9      | Reached skill level 5 in Armour
  9457 | D:9      | Found a staircase to the Lair.
  9551 | D:9      | Reached skill level 9 in Earth Magic
  9690 | D:9      | Noticed Joseph
  9695 | D:9      | Killed Joseph
 10017 | Lair:1   | Entered Level 1 of the Lair of Beasts
 10387 | Lair:1   | Reached XP level 11. HP: 68/68 MP: 11/21
 10399 | Lair:1   | Found a runed translucent gate.
 10399 | Lair:1   | Found a runed translucent gate.
 10399 | Lair:1   | Found a runed translucent gate.
 10697 | Lair:1   | Learned a level 6 spell: Iron Shot
 10909 | Lair:1   | Noticed Harold
 10917 | Lair:1   | Killed Harold
 10918 | Lair:1   | Reached skill level 5 in Shields
 10940 | Lair:1   | Reached skill level 10 in Earth Magic
 11500 | Lair:1   | Noticed Sheol's ghost (journeyman MiFi)
 11619 | Lair:1   | Killed Sheol's ghost
 12242 | Lair:2   | Reached XP level 12. HP: 76/76 MP: 24/24
 12258 | Lair:2   | Found a staircase to the Shoals.
 12271 | Lair:2   | Reached skill level 11 in Earth Magic
 12432 | Lair:2   | Noticed an eight-headed hydra
 12437 | Lair:2   | Killed an eight-headed hydra
 13155 | Lair:3   | Noticed a catoblepas
 13166 | Lair:3   | Killed a catoblepas
 13326 | Lair:3   | Reached skill level 10 in Fighting
 13326 | Lair:3   | Reached skill level 10 in Conjurations
 14018 | Lair:3   | Reached skill level 12 in Earth Magic
 14102 | Lair:3   | Found the +8 whip "Snakebite" {venom, curare, rPois}
 14347 | Lair:3   | Learned a level 4 spell: Sticky Flame
 14779 | Lair:4   | Reached XP level 13. HP: 68/83 MP: 26/26
 14844 | Lair:4   | Found a staircase to the Snake Pit.
 16107 | Lair:5   | Noticed Nessos
 16409 | Lair:5   | Killed Nessos
 16791 | Lair:5   | Reached skill level 10 in Spellcasting
 16899 | Lair:5   | Reached skill level 13 in Earth Magic
 17518 | Lair:6   | Entered Level 6 of the Lair of Beasts
 18263 | Lair:6   | Gained mutation: Your large and strong wings let you fly.
                  | [Gargoyle growth]
 18263 | Lair:6   | Reached XP level 14. HP: 77/91 MP: 28/28
 18267 | Lair:6   | Found a staircase to the Slime Pits.
 18267 | Lair:6   | Found a viscous altar of Jiyva.
 18689 | Lair:6   | Reached skill level 5 in Stealth
 18840 | Lair:6   | Found a large runed translucent door.
 18841 | Lair:6   | Found a large runed translucent door.
 20071 | D:10     | Entered Level 10 of the Dungeon
 20408 | D:10     | Identified the +3 ring mail of Pessimism {Rampage}
 21046 | D:11     | Found a staircase to the Orcish Mines.
 21327 | D:11     | Found a snail-covered altar of Cheibriados.
 21496 | D:12     | Found a gate leading to a gauntlet.
 21500 | Gauntlet | Entered a Gauntlet
 21500 | Gauntlet | Found a transporter.
 21500 | Gauntlet | Found a transporter.
 21500 | Gauntlet | Found a transporter.
 21500 | Gauntlet | Found a transporter.
 21504 | Gauntlet | Found a transporter.
 21504 | Gauntlet | Found a transporter.
 21514 | Gauntlet | Found a transporter.
 21518 | Gauntlet | Found a transporter.
 21523 | Gauntlet | Noticed a quicksilver ooze
 21532 | Gauntlet | Found a transporter.
 21631 | Gauntlet | Found the +1 cloak of Starlight {*Dazzle EV+4 Stlth--}
 21632 | Gauntlet | Found a transporter.
 21634 | Gauntlet | Found a transporter.
 21644 | Gauntlet | Found a transporter.
 21647 | Gauntlet | Found the amulet of the Four Winds {rN+ Will+++ Clar}
 21742 | Gauntlet | Reached skill level 14 in Earth Magic
 22431 | D:12     | Noticed Gastronok
 22440 | D:12     | Killed Gastronok
 22660 | D:12     | Found Umeggo's Antique Weapon Shop.
 22661 | D:12     | Found a runed translucent gate.
 22661 | D:12     | Found a runed translucent gate.
 22661 | D:12     | Found a runed translucent gate.
 22672 | D:12     | Noticed duchin's ghost (journeyman DrAE)
 22683 | D:12     | Noticed Rupert
 22690 | D:12     | Killed Rupert
 23048 | D:12     | Found a large runed translucent door.
 23048 | D:12     | Found a large runed translucent door.
 23373 | D:12     | Found a large runed translucent door.
 23373 | D:12     | Found a large runed translucent door.
 23478 | D:12     | Got the Incunabulum of Moulding and Ice
 23940 | D:12     | Killed duchin's ghost
 23941 | D:12     | Reached XP level 15. HP: 88/98 MP: 30/30
 24389 | Orc:1    | Entered Level 1 of the Orcish Mines
 24734 | Orc:2    | Entered Level 2 of the Orcish Mines
 24736 | Orc:2    | Noticed Sonja
 24807 | Orc:1    | Cast into level 1 of the Abyss (Sonja)
 24858 | Abyss:1  | Paralysed by accursed screaming for 1 turns
 24866 | Abyss:1  | Paralysed by accursed screaming for 1 turns
 24994 | Abyss:1  | Noticed a bone dragon
 25031 | Abyss:1  | Killed a bone dragon
 25240 | Orc:1    | Escaped the Abyss
 25242 | Orc:1    | Killed Sonja
 26029 | Orc:2    | Found Yquetro's Antique Weapon Emporium.
 26594 | Orc:2    | Reached skill level 15 in Earth Magic
 26630 | Orc:2    | Found Biom's Book Shoppe.
 26898 | Orc:2    | Noticed Urug
 26907 | Orc:2    | Killed Urug
 27124 | Orc:2    | Noticed an orc warlord
 27495 | Orc:2    | Killed an orc warlord
 27826 | Orc:2    | Found Iffudun's Distillery.
 27854 | Orc:2    | Found Uquehoag's Armour Shop.
 28366 | Orc:2    | Found a staircase to the Elven Halls.
 28425 | Orc:2    | Reached skill level 10 in Armour
 28912 | D:11     | Learned a level 5 spell: Fireball
 29101 | Snake:1  | Entered Level 1 of the Snake Pit
 29654 | Snake:1  | Noticed a nagaraja
 29659 | Snake:1  | Killed a nagaraja
 30395 | Snake:1  | Noticed Louise
 30422 | Snake:1  | Killed Louise
 31061 | Snake:2  | Reached XP level 16. HP: 87/106 MP: 2/32
 31968 | Snake:2  | Reached skill level 16 in Earth Magic
 32261 | Snake:2  | Noticed a nagaraja
 33723 | Snake:2  | Killed a nagaraja
 33871 | Snake:2  | You are sucked into a shaft and drop 1 floor!
 34436 | Snake:2  | Reached skill level 15 in Conjurations
 34761 | Snake:2  | Reached skill level 15 in Fighting
 34906 | Snake:2  | Identified the +1 leather armour of Theory {Dex+7}
 36706 | Snake:4  | Entered Level 4 of the Snake Pit
 36737 | Snake:3  | Reached XP level 17. HP: 75/113 MP: 8/34
 36930 | Snake:3  | Reached skill level 17 in Earth Magic
 38339 | Snake:4  | Slain by a naga warrior

Illustrated notes

Levels and vault maps discovered:
D:1:      dpeg_arrival_signposts, layout_basic, ebering_ecumenical_altar_webs
D:2:      layout_basic, basic_altar
D:3:      layout_basic, uniq_crazy_yiuf_cottage
D:4:      minmay_spotlight, layout_rooms
D:5:      layout_cave_pools, ebering_ghost_reflecting_pool
D:6:      layout_loops_corners, serial_shops, shop, uniq_edmund
D:7:      layout_rooms, mainiacjoe_overflow_alcove_1, minmay_temple_entry_wispy,
          serial_co_window_serial, co_window_paths_b, co_window_corner_a,
          co_window_paths_a, co_window_paths_a, co_window_paths_b,
          co_window_paths_c, co_window_2corner, co_window_broadway_c,
          co_window_2corner, co_window_sun, glass_columns_c, glass_columns_a,
          glass_columns_a, glass_columns_a, glass_columns_a, uniq_duvessa
D:8:      layout_basic
D:9:      gammafunk_wand_slinger, layout_rooms, lair_entry_dummy, uniq_joseph
D:10:     layout_cave_pods
D:11:     layout_gridville, david_orc_3, kennysheep_big_empty_room,
          kennysheep_slug_shrine
D:12:     layout_basic, serial_shops, shop, maelrawn_ghost_gauntlet_escape,
          gauntlet_entry_generic, grunt_ministairs_3, roderic_lattice_a,
          minmay_hollow_rounded_squares, uniq_gastronok, uniq_rupert
Temple:   grunt_wide_crystal_templ
Lair:1:   layout_gridlike, gammafunk_ghost_icy, minmay_holes,
          kennysheep_rathole, uniq_harold
Lair:2:   layout_small_grid, minmay_shoals_entry_hut
Lair:3:   minmay_guarded_unrand_snakebite, layout_chaotic_city
Lair:4:   layout_cave_pods, minmay_snake_entry_guardpost_medium,
          grunt_megastairs_1, lemuel_fruit_fields
Lair:5:   layout_loops_ring, minmay_lair_oklob_bushes,
          chequers_serial_rivers_micro_d, st_stairs_9,
          kennysheep_catoblepas_arena, serial_bayou_shore_b, grunt_megastairs_2,
          uniq_nessos
Lair:6:   cheibrodos_lair_end_hotspot, layout_cave_pods, slime_altar_1,
          lemuel_fruit_fields, lemuel_fruit_tree
Snake:1:  layout_gridlike, serial_bayou_shore_b, uniq_louise
Snake:2:  cheibrodos_snake_lava_hold, layout_onion, serial_bayou_shore_a,
          grunt_megastairs_3
Snake:3:  layout_onion
Snake:4:  grunt_snake_rune_spirals, layout_onion, serial_shops,
          nicolae_shop_statue_plus, drop_trap
Orc:1:    layout_caves
Orc:2:    pubby_orc_utopia, uniq_urug, uniq_sonja

Skill      XL: |  1  2  3  4  5  6  7  8  9 10 11 12 13 14 15 16 17 |
---------------+----------------------------------------------------+-----
Conjurations   | 1 2 3 4 5 6 8 9 10 11 13 14 15 | 15.6
Earth Magic    | 4 5 6 8 9 10 12 13 14 15 16 17 | 17.2
Fighting       | 1 2 3 5 6 7 9 10 11 13 14 15 | 15.6
Armour         | 1 2 3 4 5 6 7 8 9 10 11 | 11.3
Dodging        | 2 |  2.5
Spellcasting   | 3 4 6 7 8 9 10 11 12 13 | 13.5
Shields        | 2 3 4 5 |  5.4
Stealth        | 4 5 |  5.0
Transmutations | |  0.7

Action                   |  1- 3 |  4- 6 |  7- 9 | 10-12 | 13-15 | 16-18 || total
-------------------------+-------+-------+-------+-------+-------+-------++-------
Melee: Unarmed           |    14 |       |       |       |       |       ||    14
       Whip              |     5 |       |       |       |       |       ||     5
       Flail             |       |    76 |     9 |       |       |       ||    85
       Glaive            |       |       |    46 |   191 |   387 |   118 ||   742
       Long sword        |       |       |     3 |       |       |       ||     3
       Staff             |       |       |       |       |    12 |    14 ||    26
Throw: Boomerang         |    37 |    13 |       |       |       |       ||    50
       Stone             |       |     3 |       |       |       |       ||     3
 Cast: Sandblast         |    42 |    45 |    81 |    41 |    19 |     2 ||   230
       Stone Arrow       |       |     6 |    19 |    86 |   274 |     2 ||   387
       Iron Shot         |       |       |       |       |   109 |   189 ||   298
       Fireball          |       |       |       |       |     2 |       ||     2
Evoke: Wand              |       |       |       |       |     2 |       ||     2
       Phantom mirror    |       |       |       |       |     1 |       ||     1
  Use: Scroll            |     1 |       |     7 |     8 |    15 |     1 ||    32
       Potion            |       |       |     1 |       |    13 |       ||    14
 Stab: Sleeping          |     1 |       |     1 |     1 |     3 |     1 ||     7
       Petrified         |       |       |       |     2 |       |       ||     2
       Distracted        |       |       |       |       |     3 |       ||     3
Armor: Robe              |    19 |       |       |       |       |       ||    19
       Leather armour    |     1 |    49 |    69 |   165 |   176 |       ||   460
       Ring mail         |       |       |       |       |   346 |   213 ||   559
Dodge: Dodged            |    37 |    84 |    59 |   157 |   377 |   136 ||   850
Block: Other             |       |       |     5 |    72 |    38 |       ||   115
       Reflection        |       |       |     1 |    10 |       |       ||    11
       Buckler           |       |       |       |       |     8 |     9 ||    17
